 Dungeon Crawl Stone Soup version 0.20-a0-313-g10ed074 (webtiles) character file.

324 Junicave the Digger (level 6, -3/32 HPs)
             Began as a Gargoyle Earth Elementalist on Dec 20, 2016.
             Killed by divine providence
             ... invoked by an orc priest
              (10 damage)
             ... on level 3 of the Dungeon.
             The game lasted 00:12:15 (3408 turns).

Junicave the Digger (Gargoyle Earth Elementalist)   Turns: 3408, Time: 00:12:15

Health: -3/32      AC:  7    Str: 11    XL:     6   Next: 48%
Magic:  5/12       EV: 12    Int: 27    God:
Gold:   148        SH:  0    Dex: 10    Spells: 10/14 levels left

rFire  . . .     SeeInvis .     h - +0 hand axe
rCold  . . .     Gourm    .     f - +0 robe
rNeg   + . .     Faith    .     (no shield)
rPois  ∞         Spirit   .     k - +0 helmet
rElec  +         Reflect  .     (no cloak)
rCorr  .         Harm     .     (no gloves)
MR     .....                    (no boots)
Stlth  ++........               (no amulet)
                                r - +3 ring of intelligence
                                a - +6 ring of intelligence

@: no status effects
A: negative energy resistance 1, electricity resistance, unbreathing,
petrification resistance, rot immunity, AC +4
a: no special abilities


You were on level 3 of the Dungeon.
You were hungry.

You visited 1 branch of the dungeon, and saw 3 of its levels.

You collected 148 gold pieces.

Inventory:

Hand Weapons
 h - a +0 hand axe (weapon)
 x - a +0 flail
Missiles
 b - 80 stones (quivered)
Armour
 c - a +0 robe
 f - a +0 robe (worn)
 k - a +0 helmet (worn)
 u - a +0 buckler
Jewellery
 a - a +6 ring of intelligence (left hand)
 j - an uncursed ring of protection from magic
 m - an uncursed ring of resist corrosion
 r - a +3 ring of intelligence (right hand)
Wands
 v - a wand of paralysis (14/24)
Scrolls
 i - 3 scrolls of amnesia {unknown}
 l - a scroll of magic mapping {unknown}
 o - 5 scrolls of remove curse {unknown}
 s - 3 scrolls of teleportation {unknown}
 t - a scroll of identify {unknown}
 w - a scroll of noise {unknown}
Potions
 g - a potion of degeneration {unknown}
 p - a potion of berserk rage {unknown}
Books
 e - a book of Geomancy

   Spells                             Type                      Level
   a - Sandblast                      Earth                        1
   b - Passwall                       Transmutation/Earth          2
   c - Stone Arrow                    Conjuration/Earth            3
   d - Petrify                        Transmutation/Earth          4
   e - Lee's Rapid Deconstruction     Earth                        5
Comestibles
 d - 5 bread rations
 n - a meat ration
 q - 3 chunks of flesh


   Skills:
 + Level 0.0 Maces & Flails
 - Level 1.5 Dodging
 - Level 2.1 Stealth
 + Level 1.2 Shields
 * Level 4.6 Spellcasting
 + Level 2.7 Conjurations
   Level 0.7 Transmutations
 + Level 5.1 Earth Magic


You had 10 spell levels left.
You knew the following spells:

 Your Spells              Type           Power        Failure   Level  Hunger
a - Sandblast             Erth           ####..       1%          1    None
b - Stone Arrow           Conj/Erth      ####..       4%          3    ##.....


Dungeon Overview and Level Annotations

Branches:
Dungeon (3/15)

Altars:


Innate Abilities, Weirdness & Mutations

You are resistant to torment.
Your stone body is resilient. (AC +4)
You are immune to poison.
You resist negative energy. (rN+)
You are resistant to electric shocks. (rElec)
You can survive without breathing.
You are immune to petrification.
You are immune to rotting.


Message History

Aiming: Sandblast
Press: ? - help, Shift-Dir - straight line, f - orc priest, p - orc
Aim: an orc priest, wielding a dagger (heavily wounded)
The blast of sand hits the orc.
The orc is severely wounded.
The orc closely misses you.
The orc priest miscasts a cantrip.
Casting: Sandblast
Confirm with . or Enter, or press ? or * to list all spells.
Aiming: Stone Arrow
Press: ? - help, Shift-Dir - straight line, f/p - orc priest
Aim: an orc priest, wielding a dagger (heavily wounded)
The stone arrow hits the orc.
You kill the orc!
The orc priest shouts!
The orc priest calls down the wrath of Beogh upon you.
You barely resist.
The orc priest mumbles some strange prayers to Beogh against you.
Beogh smites you!
You die...

#.......# #........>#
#..[..o.#####.#.....###
#.............#......#####
###########o..#....#.....####
##........####.....
#oo..(...# ###...
#........######...
#.................
#@#.##.#.######...
#.#.##...### ##..
#.#.###....#####.# #.#.#
##.........# ###.#.#
###.#...#.. ####.....###
#...#..###
#.......<..###.........
#................#.....
#..........#)......####


You could see 2 orc priests and an orc wizard.

Vanquished Creatures
  The ghost of Junicave the Digger, an amateur GrEE (D:3)
  An orc priest (D:3)
  Ijyb (D:2)
  A gnoll (D:1)
  6 adders
  An ooze (D:2)
  A worm (D:2)
  3 dart slugs
  3 leopard geckos
  8 orcs (D:3)
  4 giant cockroaches
  5 goblins
  6 hobgoblins
  7 jackals (D:3)
  A quokka (D:3)
  9 bats
  6 frilled lizards
  9 kobolds
  10 rats
83 creatures vanquished.

Notes
Turn   | Place    | Note
-------+----------+-------------------------------------------
     0 | D:1      | Junicave the Gargoyle Earth Elementalist began the quest for the Orb.
     0 | D:1      | Reached XP level 1. HP: 10/10 MP: 3/3
   268 | D:1      | Reached XP level 2. HP: 15/15 MP: 5/5
   443 | D:1      | Reached skill level 4 in Earth Magic
   887 | D:1      | Reached XP level 3. HP: 18/19 MP: 7/7
   895 | D:1      | Learned a level 3 spell: Stone Arrow
  1393 | D:2      | Noticed Ijyb
  1415 | D:2      | Killed Ijyb
  1415 | D:2      | Reached skill level 1 in Conjurations
  1415 | D:2      | Reached XP level 4. HP: 16/24 MP: 1/9
  1961 | D:2      | Noticed an ogre
  1987 | D:2      | Reached XP level 5. HP: 24/28 MP: 10/10
  2248 | D:3      | Noticed Junicave's ghost (amateur GrEE)
  2821 | D:3      | Killed Junicave's ghost
  2821 | D:3      | Reached skill level 1 in Shields
  2821 | D:3      | Reached skill level 5 in Earth Magic
  2821 | D:3      | Reached XP level 6. HP: 3/32 MP: 0/12
  3408 | D:3      | Killed from afar by an orc priest

Vault maps used:
D:1:      dpeg_arrival_refuge
D:2:      minmay_misc_feat_cross, serial_park_tiny_pond, serial_bayou_pond_e,
          lightli_corner_chamber, uniq_iyjb

Skill      XL: |  1  2  3  4  5 |
---------------+----------------+-----
Earth Magic    | 4 5 |  5.1
Spellcasting   | 3 4 |  4.6
Conjurations   | 1 2 |  2.7
Shields        | 1 |  1.2
Dodging        | |  1.5
Stealth        | |  2.1
Transmutations | |  0.7

Action                   |  1- 3 |  4- 6 || total
-------------------------+-------+-------++-------
Melee: Dagger            |    12 |       ||    12
       Hand axe          |   100 |   174 ||   274
       Unarmed           |     5 |       ||     5
 Cast: Sandblast         |    15 |    42 ||    57
       Stone Arrow       |     2 |    18 ||    20
 Stab: Sleeping          |     5 |     6 ||    11
  Eat: Chunk             |     2 |     7 ||     9
Armor: Robe              |    65 |   112 ||   177
Dodge: Dodged            |   101 |   189 ||   290
